 Dungeon Sprint DCSS version 0.21-a0-314-gb3271ec (webtiles) character file.

2 potatolord6000 the Destroyer (level 1, -5/14 HPs)
             Began as a Gnoll Conjurer on Sept 29, 2017.
             Was an Initiate of Vehumet.
             Slain by a gnoll
             ... wielding a +0 spear
              (9 damage)
             ... in the Dungeon (Sprint VII: "The Pits").
             The game lasted 00:00:37 (110 turns).

potatolord6000 the Destroyer (Gnoll Conjurer)        Turns: 110, Time: 00:00:37

Health: -5/14      AC:  2    Str: 10    XL:     1   Next: 40%
Magic:  4/6        EV: 14    Int: 17    God:    Vehumet [......]
Gold:   0          SH:  0    Dex: 15    Spells: 9/10 levels left

rFire    . . .     SeeInvis .     - Unarmed
rCold    . . .     Gourm    .   (no shield)
rNeg     . . .     Faith    .   a - +0 robe
rPois    .         Spirit   .   (no helmet)
rElec    .         Reflect  .   (no cloak)
rCorr    .         Harm     .   (no gloves)
MR       .....     NoTele   +   (no boots)
Stlth    +++.......             (no amulet)
HPRegen  0.04/turn              (no ring)
MPRegen  0.10/turn              (no ring)

@: no status effects
A: distributed training, fangs 1, strong nose
a: Renounce Religion


You were in the Dungeon.
You worshipped Vehumet.
Vehumet was noncommittal.
You were not hungry.

You visited 1 branch

Inventory:

Armour
 a - a +0 robe (worn)
Scrolls
 i - a scroll of blinking
 k - 3 scrolls of remove curse
 l - 5 scrolls of amnesia
 m - a scroll of summoning
Potions
 d - a potion of curing
 f - a potion of haste
 g - 4 potions of magic
 h - 3 potions of berserk rage
 j - 2 potions of invisibility
Books
 b - a book of Conjurations

   Spells                             Type                      Level
   a - Magic Dart                     Conjuration                  1
   b - Searing Ray                    Conjuration                  2
   c - Dazzling Spray                 Conjuration/Hexes            3
   d - Fulminant Prism                Conjuration/Hexes            4
   e - Force Lance                    Conjuration/Translocation    4
   f - Iskenderun's Mystic Blast      Conjuration                  4
Comestibles
 c - 8 bread rations
 n - 40 fruits
 o - 7 meat rations


   Skills:
 + Level 0.8 Fighting
 + Level 1.7 Short Blades
 + Level 0.0 Long Blades
 + Level 0.0 Axes
 + Level 0.8 Maces & Flails
 + Level 0.8 Polearms
 + Level 0.0 Staves
 + Level 0.0 Slings
 + Level 0.0 Bows
 + Level 0.0 Crossbows
 + Level 0.0 Throwing
 + Level 0.0 Armour
 + Level 4.5 Dodging
 + Level 4.0 Stealth
   Level 0.0 Stabbing
 + Level 0.0 Shields
   Level 0.0 Traps
 + Level 1.3 Unarmed Combat
 + Level 5.0 Spellcasting
 + Level 8.4 Conjurations
 + Level 0.8 Hexes
 + Level 0.0 Charms
 + Level 1.7 Summonings
 + Level 0.8 Necromancy
 + Level 1.3 Translocations
 + Level 0.8 Transmutations
 + Level 0.0 Fire Magic
 + Level 0.8 Ice Magic
 + Level 0.0 Air Magic
 + Level 0.0 Earth Magic
 + Level 0.8 Poison Magic
 + Level 0.0 Invocations
 + Level 1.3 Evocations


You had 9 spell levels left.
You knew the following spells:

 Your Spells              Type           Power        Failure   Level  Hunger
a - Magic Dart            Conj           ####         1%          1    None


Dungeon Overview and Level Annotations

Branches:
Dungeon (1/1)

Altars:
Ashenzari
Cheibriados
Dithmenos
Elyvilon
Fedhas
Gozag
Hepliaklqana
Kikubaaqudgha
Makhleb
Nemelex Xobeh
Okawaru
Qazlal
Ru
Sif Muna
Trog
Uskayaw
Vehumet
Wu Jian
Xom
Yredelemnul
Zin
The Shining One
Beogh
Jiyva
Lugonu


Innate Abilities, Weirdness & Mutations

Your experience applies equally to all skills.
You have very sharp teeth.
Your uncanny sense of smell can sniff out nearby items.


Message History

Confirm with . or Enter, or press ? or * to list all spells.
Aiming: Magic Dart
Press: ? - help, Shift-Dir - straight line, f - gnoll
Aim: a gnoll, wielding a spear The magic dart hits the gnoll.
The gnoll is heavily wounded.
The gnoll hits you from afar with a spear!
Ouch! That really hurt!
* * * LOW HITPOINT WARNING * * *
Unknown command.
Casting: Magic Dart
Confirm with . or Enter, or press ? or * to list all spells.
Aiming: Magic Dart
Press: ? - help, Shift-Dir - straight line, f/p - gnoll
Aim: a gnoll, wielding a spear (heavily wounded)
The magic dart hits the gnoll.
The gnoll is almost dead.
The gnoll hits you from afar with a spear!
Ouch! That really hurt!
You die...

#_________.#
#_______...###########++
##########'##...........
#.?(.')))'.##......#..#.
##########.##...........
#..........†'...........
#+#####'#####......#..#.
#...'.##...........
#†..#@#####'#####++
#####.##.......#
+...#g##.......#
+...'g##.......#
########...<...# ∆∆∆∆∆
#.......# ∆∆∆∆∆
#.......# #.......#
#########


You could see 2 gnolls.

Vanquished Creatures
  A bat (D)
  A ball python (D)
  A rat (D)
3 creatures vanquished.

Notes
Turn   | Place    | Note
-------+----------+-------------------------------------------
     0 | D        | potatolord6000 the Gnoll Conjurer began the quest for the Orb.
     0 | D        | Reached XP level 1. HP: 13/13 MP: 6/6
    12 | D        | Reached skill level 1 in Short Blades
    12 | D        | Reached skill level 1 in Unarmed Combat
    43 | D        | Found a bloodstained altar of Trog.
    43 | D        | Found a deep blue altar of Sif Muna.
    43 | D        | Found a viscous altar of Jiyva.
    43 | D        | Found a hazy altar of Hepliaklqana.
    43 | D        | Found an opulent altar of Gozag.
    44 | D        | Found a glowing golden altar of the Shining One.
    44 | D        | Found a glowing silver altar of Zin.
    44 | D        | Found a basalt altar of Yredelemnul.
    44 | D        | Found a shimmering altar of Xom.
    44 | D        | Found an ornate altar of the Wu Jian Council.
    44 | D        | Found a sacrificial altar of Ru.
    44 | D        | Found a stormy altar of Qazlal.
    44 | D        | Found an iron altar of Okawaru.
    44 | D        | Found a sparkling altar of Nemelex Xobeh.
    44 | D        | Found a burning altar of Makhleb.
    44 | D        | Found a blossoming altar of Fedhas.
    44 | D        | Found a white marble altar of Elyvilon.
    44 | D        | Found a shadowy altar of Dithmenos.
    44 | D        | Found a snail-covered altar of Cheibriados.
    47 | D        | Found a corrupted altar of Lugonu.
    47 | D        | Found a radiant altar of Vehumet.
    47 | D        | Found a roughly hewn altar of Beogh.
    48 | D        | Found an ancient bone altar of Kikubaaqudgha.
    48 | D        | Found a hide-covered altar of Uskayaw.
    48 | D        | Found a shattered altar of Ashenzari.
    58 | D        | Became a worshipper of Vehumet
    76 | D        | Reached skill level 5 in Spellcasting
    76 | D        | Reached skill level 1 in Summonings
    76 | D        | Reached skill level 1 in Translocations
    76 | D        | Reached skill level 1 in Evocations
   110 | D        | Slain by a gnoll

Vault maps used:
D:        pitsprint

Skill      XL: |  1 |
---------------+----+-----
Short Blades   | 1 |  1.7
Unarmed Combat | 1 |  1.3
Spellcasting   | 5 |  5.0
Summonings     | 1 |  1.7
Translocations | 1 |  1.3
Evocations     | 1 |  1.3
Fighting       | |  0.8
Maces & Flails | |  0.8
Polearms       | |  0.8
Dodging        | |  4.5
Stealth        | |  4.0
Conjurations   | |  8.4
Hexes          | |  0.8
Necromancy     | |  0.8
Transmutations | |  0.8
Ice Magic      | |  0.8
Poison Magic   | |  0.8

Action                   || total
-------------------------++-------
 Cast: Magic Dart        ||     5
  Use: Potion            ||     1
Dodge: Dodged            ||     1

Table legend:
 A = Spawn XP
 B = Non-spawn XP
 C = Spawn XP percentage of total XP
 D = Spawn monster count
 E = Non-spawn monster count
 F = Spawn count percentage of total count
 G = Total turns spent on level
                    A         B        C        D         E        F      G
               +---------+---------+-------+---------+---------+-------+---------
         Total |       0 |       4 |   0.0 |       0 |       3 |   0.0 |   110
               +---------+---------+-------+---------+---------+-------+---------
             D |       0 |       4 |   0.0 |       0 |       3 |   0.0 |   110
               +---------+---------+-------+---------+---------+-------+---------
